 Dungeon Crawl Stone Soup version 0.19-a0-1692-g68728bb (webtiles) character file.

2656 Flanowski the Changer (level 9, -1/43 HPs)
             Began as a Vine Stalker Transmuter on Sept 26, 2016.
             Was a Believer of Ashenzari.
             Slain by an adder (2 damage)
             ... on level 8 of the Dungeon.
             The game lasted 00:15:50 (6388 turns).

Flanowski the Changer (Vine Stalker Transmuter)     Turns: 6388, Time: 00:16:20

Health: -1/43      AC:  5    Str: 13    XL:     9   Next: 62%
Magic:  0/18       EV: 14    Int: 13    God:    Ashenzari [**....]
Gold:   379        SH:  0    Dex: 18    Spells: 4 memorised, 8 levels left

rFire  . . .     SeeInvis .     u - +3 short sword (curse)
rCold  . . .     Gourm    .     b - +0 robe (curse)
rNeg   . . .     Faith    .     (no shield)
rPois  .         Spirit   +     (no helmet)
rElec  .         Dismiss  .     J - +0 cloak
rCorr  .         Reflect  .     F - +0 pair of gloves (curse)
MR     +....     Harm     .     (no boots)
Stlth  ++........               (no amulet)
                                (no ring)
                                (no ring)

@: lethally poisoned (-1 -> -2)
A: fangs 3, regeneration 1, magic shield, antimagic bite, no device heal 3, rot
immunity
a: Curse Item, Scrying, Renounce Religion


You were on level 8 of the Dungeon.
You worshipped Ashenzari.
Ashenzari was pleased with you.
You were hungry.

You visited 1 branch of the dungeon, and saw 8 of its levels.
You also visited: Sewer.

You collected 379 gold pieces.

Inventory:

Hand Weapons
 u - a cursed +3 short sword (weapon)
 G - the +9 dagger of Dyethromp {flame, Dex+2}
   (You found it on level 5 of the Dungeon)

   It has been specially enchanted to burn those struck by it, causing extra
   injury to most foes and up to half again as much damage against particularly
   susceptible opponents.
   It affects your dexterity (+2).
Missiles
 a - 157 arrows
Armour
 b - a cursed +0 robe (worn)
 F - a cursed +0 pair of gloves (worn)
 J - a +0 cloak (worn)
Jewellery
 q - an uncursed ring of fire
Wands
 C - a wand of slowing (28/48)
 D - a wand of random effects (20/48)
 H - a wand of enslavement (9/24)
Scrolls
 h - 6 scrolls of identify {unknown}
 i - 2 scrolls of blinking {unknown}
 j - a scroll of magic mapping {unknown}
 l - 6 scrolls of recharging {unknown}
 m - a scroll of noise {unknown}
 n - a scroll of immolation {unknown}
 o - 3 scrolls of amnesia {unknown}
 p - 2 scrolls of remove curse
 v - a scroll of fear {unknown}
 y - 2 scrolls of random uselessness {unknown}
 E - a scroll of enchant armour {unknown}
Potions
 g - 4 potions of curing
 r - 3 potions of heal wounds {unknown}
 s - 3 potions of flight {unknown}
 w - a potion of beneficial mutation {unknown}
 A - 2 potions of invisibility {unknown}
 B - a potion of might {unknown}
Books
 c - a book of Changes

   Spells                             Type                      Level
   a - Beastly Appendage              Transmutation                1
   b - Sticks to Snakes               Transmutation                2
   c - Spider Form                    Transmutation/Poison         3
   d - Ice Form                       Ice/Transmutation            4
   e - Blade Hands                    Transmutation                5
 t - a book of Flames

   Spells                             Type                      Level
   a - Flame Tongue                   Conjuration/Fire             1
   b - Throw Flame                    Conjuration/Fire             2
   c - Conjure Flame                  Conjuration/Fire             3
   d - Inner Flame                    Hexes/Fire                   3
   e - Sticky Flame                   Conjuration/Fire             4
   f - Fireball                       Conjuration/Fire             5
Comestibles
 d - 2 bread rations
 k - a slice of pizza
 x - 3 meat rations
 z - 4 beef jerkies
 I - a fruit
 K - 6 chunks of flesh


   Skills:
 + Level 2.5 Fighting
 * Level 1.2 Armour
 + Level 3.6 Dodging
 + Level 6.9 Unarmed Combat
 + Level 5.8 Spellcasting
 * Level 7.8 Transmutations
 - Level 3.0 Poison Magic


You had 8 spell levels left.
You knew the following spells:

 Your Spells              Type           Power        Failure   Level  Hunger
a - Beastly Appendage     Tmut           ###...       1%          1    None
b - Sticks to Snakes      Tmut           ###.....     1%          2    ##.....
c - Spider Form           Tmut/Pois      ###.......   8%          3    ###....
d - Blade Hands           Tmut           ###.......   21%         5    ######.


Dungeon Overview and Level Annotations

Branches:
Dungeon (8/15)             Temple (0/1) D:4
   Lair: D:8-11

Altars:
Ashenzari
Dithmenos
Uskayaw
The Shining One

Annotations:
D:8 Grum


Innate Abilities, Weirdness & Mutations

You have razor-sharp teeth.
Your natural rate of healing is unusually fast.
When hurt, damage is shared between your health and your magic reserves.
Your bite disrupts and absorbs the magic of your enemies.
Potions and wands cannot restore your health.
You are immune to rotting.


Message History

An orc priest comes into view. It is wielding a dagger.
The orc priest shouts!
The orc shouts!
The orc priest moves out of view.
As you read the scroll labeled BIN RUEROUMILO, it crumbles to dust.
It is a scroll of enchant weapon.
Really abort (and waste the scroll)?
Okay, then.
The adder bites you.
* * * LOW HITPOINT WARNING * * *
You are poisoned.
The adder poisons you! The adder barely misses you.
You miss the adder. Your bite misses the adder.
You feel sick. The adder closely misses you.
You barely miss the adder. You bite the adder! You drain its power.
You feel invigorated.
The adder is heavily wounded.
The orc hits you with a short sword!
* * * LOW HITPOINT WARNING * * *
The adder bites you.
You die...

, ,o.......<........ , , ,,
,oo.............". ,
.o.....#......... * ,
......#.........
###............ , , ,
,#.#............ ,
.......,#oo.o.#........ ,
.......,#S##{.........., ,
*.......,#@##.#.........
#######.......,#o##...........,
..............,#o####..###....
..............,#..,{ ... ...
.............. #.. , #.##*,
......)#* +* #... , .. , ,
.......# * #... *
.......####+## #.... , *
.......#.....# , ,


You could see an orc priest, an adder and 3 orcs.

Vanquished Creatures
  Pikel (D:6)
  Grinder (D:6)
  Sigmund (D:4)
  Menkaure (D:6)
  2 sky beasts
  2 slaves (D:5)
  A black bear (D:7)
  2 phantoms
  2 ogres
  3 centaurs
  A big kobold (Sewer)
  2 bullfrogs
  3 killer bees (D:7)
  2 bullfrog zombies
  A crimson imp (D:5)
  A wasp zombie (D:7)
  The ghost of Flanowski the Ruffian, a weakling VSTm (D:3)
  2 bullfrog skeletons
  4 orc priests
  2 orc wizards
  3 iguanas
  11 adders
  2 river rats (Sewer)
  2 shadow imps
  An ooze (D:5)
  An adder zombie (D:5)
  2 adder skeletons
  8 leopard geckos
  15 orcs
  5 bats
  5 giant cockroaches
  11 hobgoblins
  3 jackals (D:4)
  8 kobolds
  4 quokkas
  A ball python (D:5)
  3 frilled lizards
  12 goblins
  A leopard gecko skeleton (D:4)
  A leopard gecko zombie (D:7)
  11 rats
145 creatures vanquished.

Vanquished Creatures (others)
  A slave (D:6)
  A crimson imp (D:6)
  An orc priest (D:6)
  An orc (D:6)
4 creatures vanquished.

Grand Total: 149 creatures vanquished

Notes
Turn   | Place    | Note
-------+----------+-------------------------------------------
     0 | D:1      | Flanowski the Vine Stalker Transmuter began the quest for the Orb.
     0 | D:1      | Reached XP level 1. HP: 9/9 MP: 4/4
   160 | D:1      | Reached XP level 2. HP: 6/14 MP: 1/6
   582 | D:1      | Reached XP level 3. HP: 16/17 MP: 5/7
   931 | D:2      | Found a shattered altar of Ashenzari.
   947 | D:2      | Became a worshipper of Ashenzari the Shackled
  1234 | D:2      | Reached skill level 1 in Fighting
  1902 | D:3      | Found a glowing drain.
  1923 | D:3      | Gained mutation: Your natural rate of healing is unusually fast. [Vine Stalker growth]
  1923 | D:3      | Reached XP level 4. HP: 17/22 MP: 7/9
  1953 | D:3      | Learned a level 2 spell: Sticks to Snakes
  1957 | D:3      | Learned a level 3 spell: Spider Form
  1962 | Sewer    | Entered a sewer
  2054 | Sewer    | Noticed a big kobold
  2074 | Sewer    | Killed a big kobold
  2074 | Sewer    | Reached skill level 3 in Transmutations
  2074 | Sewer    | Reached XP level 5. HP: 17/25 MP: 2/10
  2151 | Sewer    | Found a white marble altar of Elyvilon.
  2334 | D:3      | Noticed Flanowski's ghost (weakling VSTm)
  2352 | D:3      | Killed Flanowski's ghost
  2630 | D:3      | Reached XP level 6. HP: 27/30 MP: 9/12
  2852 | D:4      | Reached skill level 4 in Transmutations
  2965 | D:4      | Reached * piety under Ashenzari
  3146 | D:4      | Found a staircase to the Ecumenical Temple.
  3356 | D:4      | Found a shadowy altar of Dithmenos.
  3576 | D:4      | Found a hide-covered altar of Uskayaw.
  3577 | D:4      | Found a glowing golden altar of the Shining One.
  3627 | D:5      | Entered Level 5 of the Dungeon
  3709 | D:5      | Reached XP level 7. HP: 20/33 MP: 9/13
  3745 | D:5      | Reached skill level 1 in Poison Magic
  3771 | D:5      | Noticed Sigmund
  3870 | D:4      | Killed Sigmund
  3870 | D:4      | Reached skill level 5 in Unarmed Combat
  3870 | D:4      | Reached skill level 5 in Transmutations
  4033 | D:5      | Gained mutation: You have razor-sharp teeth. [Vine Stalker growth]
  4033 | D:5      | Reached XP level 8. HP: 28/37 MP: 15/15
  4098 | D:5      | Identified the +9 dagger of Dyethromp {flame, Dex+2}
  4323 | D:5      | Found a glowing golden altar of the Shining One.
  4709 | D:5      | Learned a level 5 spell: Blade Hands
  4798 | D:6      | Noticed Pikel
  4945 | D:6      | Killed Pikel
  4945 | D:6      | Reached skill level 5 in Spellcasting
  4945 | D:6      | Reached skill level 6 in Transmutations
  5043 | D:6      | Noticed Menkaure
  5056 | D:6      | Killed Menkaure
  5098 | D:6      | Reached skill level 7 in Transmutations
  5129 | D:6      | Reached XP level 9. HP: 42/42 MP: 17/17
  5272 | D:6      | Noticed Grinder
  5279 | D:6      | Paralysed by Grinder for 2 turns
  5285 | D:6      | Killed Grinder
  5391 | D:6      | Reached ** piety under Ashenzari
  6349 | D:8      | Reached skill level 1 in Armour
  6359 | D:8      | Noticed Grum
  6377 | D:8      | HP: 2/43 [wolf[Grum] (3)]
  6388 | D:8      | HP: 1/43 [orc/short sword (3)]
  6388 | D:8      | Slain by an adder

Vault maps used:
D:1:      dpeg_arrival_radiant, serial_bayou_crossing
D:2:      old_standard_altar, first_bread, minivault_24, minmay_hedge_maze
D:3:      gup_sewer_entry_glass
D:4:      nicolae_dithmenos_the_darkroom, gammafunk_temple_overflow_statue
D:5:      basic_altar, uniq_sigmund
D:6:      uniq_pikel, uniq_menkaure, uniq_grinder
D:8:      uniq_grum
Sewer:    sewer_kobolds

Skill      XL: |  1  2  3  4  5  6  7  8  9 |
---------------+----------------------------+-----
Fighting       | 1 2 |  2.5
Dodging        | 2 3 |  3.6
Spellcasting   | 3 4 5 |  5.8
Unarmed Combat | 4 5 6 |  6.9
Transmutations | 3 4 5 7 |  7.8
Poison Magic   | 1 2 3 |  3.0
Armour         | 1 |  1.2

Action                   |  1- 3 |  4- 6 |  7- 9 || total
-------------------------+-------+-------+-------++-------
Melee: Unarmed           |   176 |    95 |   192 ||   463
       Headbutt          |     3 |     9 |     1 ||    13
       Bite              |    56 |    23 |    19 ||    98
       Punch             |     2 |     1 |     1 ||     4
       Kick              |    21 |     9 |     9 ||    39
       Short sword       |       |    49 |    75 ||   124
 Cast: Beastly Appendage |    26 |    20 |    14 ||    60
       Sticks to Snakes  |       |     7 |    13 ||    20
       Spider Form       |       |     7 |    27 ||    34
Invok: Curse Item        |     1 |       |     1 ||     2
  Use: Scroll            |       |       |     5 ||     5
       Potion            |       |       |     1 ||     1
 Stab: Sleeping          |       |     2 |     1 ||     3
       Distracted        |       |       |     1 ||     1
  Eat: Chunk             |     4 |     7 |    12 ||    23
Armor: Robe              |    23 |    17 |    18 ||    58
       Skin              |       |     1 |    17 ||    18
Dodge: Dodged            |    78 |   108 |   257 ||   443
